Map: King's Cove LE

Players

Reynor - Winner!

  • Race: Zerg Zerg
  • League: Master
  • Spawn Location: 5:00

InZaNe

  • Race: Terran Terran
  • League: Grandmaster
  • Spawn Location: 11:00

Event: HomeStory Cup XIX

VOD

Have the link to the VOD?

Description

Time

  • Played on: June 27, 2019, 12:34 p.m.
  • Length: 11:39

All games in this series

Show
View Real Time Build Order
Export as new Build Order

Reynor Zerg - Winner!

Build Orders: Hatch First 

Get SALT Encoding   

  12  0:00  Drone  
  13  0:12  Overlord  
  13  0:17  Drone  
  14  0:30  Drone x2  
  16  0:48  Hatchery  
  15  0:52  Drone  
  15  0:56  Drone  
  17  1:02  Drone  
  18  1:10  Extractor  
  17  1:16  Spawning Pool  
  17  1:18  Drone  
  17  1:21  Drone  
  18  1:28  Drone  
  19  1:38  Drone  
  20  1:51  Overlord  
  20  2:02  Zergling x4  
  20  2:03  Queen  
  20  2:04  Queen  
  26  2:11  Drone x2  
  28  2:24  Drone x2  
  30  2:32  Metabolic Boost  
  30  2:34  Zergling x2  
  30  2:35  Overlord  
  31  2:39  Queen  
  31  2:43  Drone x2  
  35  2:54  Drone x2  
  37  3:08  Hatchery  
  37  3:09  Drone x2  
  38  3:15  Zergling x8  
  42  3:20  Overlord  
  42  3:26  Drone  
  43  3:31  Drone  
  44  3:36  Overlord  
  44  3:40  Queen  
  46  3:42  Drone  
  46  3:47  Drone  
  48  3:49  Drone x3  
  48  3:50  Drone  
  48  3:55  Extractor, Roach Warren  
  50  3:56  Drone, Extractor  
  50  3:57  Drone  
  50  3:59  Drone  
  50  4:01  Zergling x2  
  53  4:07  Overlord  
  53  4:11  Drone  
  54  4:17  Zergling x2  
  54  4:21  Overlord  
  55  4:28  Overlord  
  55  4:38  Roach x5  
  65  4:39  Overlord  
  65  4:42  Roach x2  
  65  4:43  Roach  
  71  4:54  Zergling x12  
  77  5:04  Zergling x6, Ravager  
  77  5:05  Ravager x2  
  83  5:08  Ravager  
  83  5:11  Zergling x10  
  89  5:19  Overlord  
  89  5:20  Zergling x2  
  90  5:26  Zergling x4  
  88  5:29  Overlord  
  88  5:30  Overlord  
  88  5:34  Queen  
  86  5:40  Ravager x2  
  86  5:42  Drone x4  
  91  5:48  Drone x2  
  91  5:49  Drone x2  
  88  5:52  Drone  
  88  5:54  Drone  
  89  5:58  Lair  
  89  6:02  Drone  
  89  6:03  Spore Crawler  
  90  6:04  Drone  
  90  6:07  Drone x2  
  92  6:13  Drone x4  
  92  6:15  Drone  
  92  6:18  Overlord  
  97  6:19  Drone  
  97  6:24  Drone  
  97  6:25  Drone  
  100  6:29  Queen  
  100  6:30  Drone  
  100  6:32  Overlord  
  103  6:33  Drone x2  
  103  6:34  Drone  
  103  6:35  Drone  
  103  6:38  Spore Crawler  
  103  6:39  Drone  
  107  6:42  Spore Crawler  
  107  6:43  Queen  
  107  6:45  Zergling x2  
  109  6:50  Overlord  
  109  6:54  Drone x5  
  113  6:55  Extractor  
  113  6:56  Extractor  
  113  6:57  Evolution Chamber  
  110  7:01  Spire  
  110  7:07  Zergling x14  
  113  7:11  Queen  
  114  7:21  Zergling x12  
  114  7:24  Zergling x2  
  114  7:27  Drone x3  
  114  7:29  Queen  
  120  7:30  Drone  
  120  7:36  Extractor  
  120  7:39  Hatchery  
  118  7:47  Queen  
  118  7:49  Overlord  
  120  7:52  Zergling x6  
  120  7:53  Zergling x6  
  120  7:55  Ravager x2  
  123  8:11  Overlord  
  118  8:15  Overlord  
  115  8:21  Corruptor x7  
  115  8:25  Drone  
  129  8:33  Corruptor x2  
  129  8:34  Hatchery  
  132  8:35  Corruptor  
  132  8:37  Glial Reconstitution  
  132  8:39  Corruptor  
  134  8:41  Corruptor  
  134  8:47  Roach x3  
  142  8:52  Roach x2  
  142  8:54  Overlord  
  146  9:01  Infestation Pit, Baneling Nest  
  144  9:07  Roach  
  144  9:09  Overlord  
  146  9:15  Roach x4  
  154  9:23  Zerg Missile Weapons Level 1  
  154  9:28  Roach x4  
  162  9:34  Overlord  
  159  9:41  Roach  
  159  9:50  Roach  
  159  9:51  Roach x5  
  163  9:58  Centrifical Hooks  
  163  9:59  Hive  
  156  10:03  Zergling x24  
  155  10:19  Drone x2  
  155  10:20  Drone x3  
  152  10:22  Roach x4  
  152  10:25  Baneling  
  152  10:26  Baneling x9, Roach  
  152  10:27  Roach x2  
  163  10:31  Ravager x3  
  163  10:32  Zergling x6  
  163  10:33  Zergling x4  
  171  10:36  Zergling x2, Roach  
  157  10:51  Drone x13  
  160  11:02  Ravager x3  
  160  11:03  Zergling x2, Roach x3  
  170  11:09  Overlord  
  165  11:18  Zergling x12  
  165  11:19  Zergling x6  
Show
View Real Time Build Order
Export as new Build Order

InZaNe Terran 

Build Orders: Reaper Expand 

Get SALT Encoding   

  12  0:00  SCV  
  13  0:13  SCV  
  14  0:18  Supply Depot  
  14  0:25  SCV  
  15  0:39  SCV  
  15  0:42  Barracks  
  16  0:45  Refinery  
  16  0:51  SCV  
  17  1:03  SCV  
  18  1:16  SCV  
  19  1:29  Reaper  
  19  1:30  Orbital Command  
  20  1:44  Command Center  
  20  1:56  SCV  
  20  1:59  Supply Depot  
  21  2:01  Marine  
  21  2:08  SCV  
  23  2:12  Factory  
  23  2:20  SCV  
  24  2:22  Barracks Reactor  
  24  2:31  Refinery  
  24  2:32  SCV  
  25  2:44  SCV  
  26  2:56  Orbital Command  
  26  2:57  SCV  
  27  2:59  Starport  
  27  3:09  SCV  
  27  3:14  Barracks Tech Lab  
  27  3:15  Hellion  
  27  3:16  Hellion  
  31  3:21  SCV  
  31  3:24  SCV  
  33  3:33  SCV  
  34  3:36  SCV  
  34  3:37  Fusion Core  
  34  3:38  Marine  
  34  3:40  Hellion x2  
  40  3:47  Supply Depot  
  42  3:50  SCV x2  
  44  4:01  Hellion  
  44  4:02  Hellion  
  46  4:07  Supply Depot  
  46  4:08  SCV x2  
  48  4:11  Supply Depot  
  48  4:20  SCV  
  48  4:21  SCV  
  50  4:29  Battlecruiser  
  50  4:31  Hellion x2  
  60  4:34  SCV x2  
  62  4:46  SCV  
  62  4:47  SCV, Supply Depot  
  62  4:52  Supply Depot, Hellion x2  
  68  4:59  SCV x2  
  70  5:05  Command Center  
  70  5:10  Refinery  
  70  5:11  Refinery, SCV x2  
  72  5:17  Hellion x2  
  72  5:31  SCV  
  69  5:41  Hellion x2  
  73  5:47  SCV x2  
  55  5:59  Command Center, SCV x2  
  55  6:02  Battlecruiser  
  55  6:04  Hellion  
  65  6:06  Hellion  
  67  6:11  SCV  
  67  6:12  SCV  
  67  6:15  Supply Depot  
  67  6:16  Supply Depot  
  68  6:24  SCV x2  
  70  6:29  Supply Depot  
  70  6:30  Supply Depot  
  70  6:31  Hellion x2  
  74  6:44  Barracks Tech Lab  
  74  6:45  SCV, Factory  
  74  6:46  Factory  
  75  6:52  Hellion x2  
  79  6:59  Armory  
  79  7:07  SCV x2  
  77  7:18  Hellion x2  
  77  7:19  SCV x2  
  77  7:21  Orbital Command  
  81  7:31  SCV x2  
  81  7:35  Factory  
  81  7:37  Factory  
  83  7:41  Supply Depot  
  83  7:42  Supply Depot  
  83  7:43  SCV x2  
  85  7:47  Cyclone  
  88  7:52  Cyclone  
  88  7:55  SCV  
  88  7:57  SCV  
  88  7:58  Orbital Command  
  93  7:59  Starport Reactor  
  87  8:08  SCV  
  87  8:09  SCV  
  87  8:11  Hellion x2  
  87  8:18  Hellion  
  82  8:20  SCV  
  82  8:21  SCV  
  82  8:24  SCV  
  81  8:33  SCV x2, Hellion x2  
  87  8:36  Liberator  
  87  8:39  Factory Tech Lab  
  88  8:42  Cyclone x2  
  88  8:44  Hellion x2  
  88  8:45  SCV x2  
  88  8:47  Refinery x2  
  102  8:56  Supply Depot x2  
  102  8:57  Terran Vehicle And Ship Armor Level 1, Supply Depot  
  102  8:59  SCV x3  
  102  9:00  Armory  
  105  9:07  Hellion, Cyclone  
  105  9:08  Hellion x3  
  105  9:09  Mag-Field Accelerator  
  116  9:10  Infernal Pre-Igniter  
  116  9:14  SCV  
  117  9:23  Cyclone x2  
  123  9:28  Engineering Bay  
  123  9:31  Command Center  
  123  9:33  Hellion  
  123  9:34  Hellion x3  
  131  9:39  Cyclone  
  131  9:41  Liberator  
  120  9:55  Siege Tank  
  120  9:56  Cyclone  
  120  9:58  Hellion x4  
  120  10:11  Cyclone  
  123  10:20  Hellion x2  
  123  10:21  Hellion x2  
  128  10:28  Command Center  
  128  10:34  Cyclone x2  
  134  10:48  Cyclone  
  134  10:49  Hellion x3  
  121  10:57  SCV x2  
  118  11:06  Cyclone  
  118  11:07  Hellion x2  
  118  11:09  SCV x2  
  127  11:12  Hellion  
Tags
 
Add a new tag
Caveats
  • Supply blocks, unpowered buildings, or Contaminate may cause inaccurate times.
  • Supply counts are checked every 10 seconds.